 Dungeon Crawl Stone Soup version 0.19-a0-1019-g9c6a58d (webtiles) character file.

110 Etesian the Shield-Bearer (level 4, 27/29 HPs)
             Began as a Gargoyle Fighter on July 25, 2016.
             Quit the game on level 3 of the Dungeon.
             The game lasted 00:03:42 (2025 turns).

Etesian the Shield-Bearer (Gargoyle Fighter)        Turns: 2025, Time: 00:03:42

Health: 27/29      AC: 10    Str: 19    XL:     4   Next: 91%
Magic:  4/4        EV:  7    Int:  9    God:
Gold:   141        SH:  9    Dex: 10    Spells: 0 memorised, 3 levels left

rFire  . . .     SeeInvis .     a - +0 war axe
rCold  . . .     Gourm    .     b - +0 scale mail
rNeg   + . .     Faith    .     c - +0 shield
rPois  ∞         Spirit   .     (no helmet)
rElec  +         Dismiss  .     (no cloak)
rCorr  .         Reflect  .     (no gloves)
SustAt .         Harm     .     (no boots)
MR     .....                    (no amulet)
Stlth  ..........               (no ring)
                                (no ring)

@: not resistant to hostile enchantments, extremely unstealthy
A: negative energy resistance 1, electricity resistance, unbreathing,
petrification resistance, rot immunity, AC +3
a: no special abilities


You were on level 3 of the Dungeon.
You were not hungry.

You visited 1 branch of the dungeon, and saw 3 of its levels.

You collected 141 gold pieces.

Inventory:

Hand Weapons
 a - a +0 war axe (weapon)
Missiles
 p - a throwing net (quivered)
Armour
 b - a +0 scale mail (worn)
 c - a +0 shield (worn)
Scrolls
 g - a scroll of remove curse {unknown}
 i - 3 scrolls of fog {unknown}
 n - 4 scrolls of identify {unknown}
 q - a scroll of enchant armour {unknown}
Potions
 d - a potion of might
 e - 3 potions of heal wounds {unknown}
 h - a potion of agility {unknown}
 j - 4 potions of curing {unknown}
 o - 2 potions of degeneration {unknown}
 r - 2 potions of lignification {unknown}
 s - a potion of flight {unknown}
Comestibles
 f - 2 bread rations
 k - 6 chunks of flesh
 l - a fruit
 m - 3 meat rations


   Skills:
 + Level 4.0 Fighting
 * Level 3.0 Axes
 + Level 3.8 Armour
 + Level 4.0 Shields


You had 3 spell levels left.
You didn't know any spells.

Dungeon Overview and Level Annotations

Branches:
Dungeon (3/15)

Altars:
Cheibriados
Makhleb


Innate Abilities, Weirdness & Mutations

You are resistant to torment.
Your stone body is resilient. (AC +3)
You are immune to poison.
You resist negative energy. (rN+)
You are resistant to electric shocks. (rElec)
You can survive without breathing.
You are immune to petrification.
You are immune to rotting.


Message History

The hobgoblin is moderately wounded.
You block the hobgoblin's attack.
You barely miss the hobgoblin.
The hobgoblin is moderately wounded.
The hobgoblin hits you but does no damage.
You hit the hobgoblin.
The hobgoblin is heavily wounded.
You block the hobgoblin's attack.
The hobgoblin hits you but does no damage.
You slash the hobgoblin!
You kill the hobgoblin!
You hit the orc. The orc hits you but does no damage.
You block the orc's attack.
You slash the orc!
You kill the orc!
No target in view!
No target in view!
No target in view!
No target in view!
Are you sure you want to abandon this character and quit the game? (Confirm with "yes".)

###.##..#.##..#
#####.÷<........#
#.......#.#....##
#.......))......#
..###.###..#...##
. #. #.##...# #+
#.##...######..#
..##.#.#........
##..#.._.@#
#....#.#))....%.
#...............
.................
.####..>#####.#..
#.... .# . #...#
# #...#


There were no monsters in sight!

Vanquished Creatures
  3 adders (D:2)
  2 oozes
  A worm (D:2)
  A dart slug (D:1)
  A giant gecko (D:1)
  6 orcs
  A ball python (D:2)
  4 bats
  3 giant cockroaches
  3 goblins
  7 hobgoblins
  7 jackals
  6 kobolds
  4 quokkas (D:2)
  A giant newt (D:2)
  6 rats
56 creatures vanquished.

Notes
Turn   | Place    | Note
-------+----------+-------------------------------------------
     0 | D:1      | Etesian the Gargoyle Fighter began the quest for the Orb.
     0 | D:1      | Reached XP level 1. HP: 14/14 MP: 1/1
   443 | D:1      | Reached XP level 2. HP: 18/19 MP: 2/2
  1068 | D:2      | Reached XP level 3. HP: 21/23 MP: 3/3
  1461 | D:2      | Reached XP level 4. HP: 24/29 MP: 4/4
  1535 | D:2      | Found a snail-covered altar of Cheibriados.
  1994 | D:3      | Found a burning altar of Makhleb.
  2025 | D:3      | Quit the game

Vault maps used:
D:1:      lemuel_arrival_hallway
D:2:      minmay_door_path, cheibriados_altar_1
D:3:      lemuel_doored_altar, lemuel_crystal_altar, first_bread,
          minmay_goblin_outpost

Skill      XL: |  1  2  3  4 |
---------------+-------------+-----
Axes           | 2 3 |  3.0
Shields        | 4 |  4.0
Fighting       | 4 |  4.0
Armour         | |  3.8

Action                   |  1- 3 |  4- 6 || total
-------------------------+-------+-------++-------
Melee: War axe           |   133 |    85 ||   218
  Eat: Chunk             |     2 |     2 ||     4
Armor: Scale mail        |    73 |    73 ||   146
Dodge: Dodged            |    43 |    41 ||    84
Block: Shield            |    71 |    59 ||   130
